TOP OF THE 1ST |
---|
Vista Panthers batting - Pitching for Austin River Sharks : RHP Albert Gonzáles | Pitching: RHP Albert Gonzáles | | Batting: LHB Bill Wilson | 0-0: Ground out 4-3 (Groundball, 4S) | Batting: LHB Bob Cunningham | 0-0: Ground out 1-3 (Groundball, 13) | Batting: LHB Dante Owens | 0-0: Called Strike 0-1: Foul Ball, location: 2F 0-2: Foul Ball, location: 2F 0-2: DOUBLE (Groundball, 3L) - OUT at third base trying to stretch hit. | Top of the 1st over - 0 runs, 1 hit, 0 errors, 0 left on base; Vista 0 - Austin 0 | BOTTOM OF THE 1ST |
---|
Austin River Sharks batting - Pitching for Vista Panthers : LHP José Hidalgo | Pitching: LHP José Hidalgo | | Batting: LHB José Liñares | 0-0: Ball 1-0: Ground out 6-3 (Groundball, 6S) | Batting: RHB Todd Bryant | 0-0: Ball 1-0: Ground out 6-3 (Groundball, 6) | Batting: RHB Pedro Guzmán | 0-0: Ball 1-0: Swinging Strike 1-1: DOUBLE (Flyball, 89D) | Batting: RHB Edward Young | 0-0: Ground out 6-3 (Groundball, 6) | Bottom of the 1st over - 0 runs, 1 hit, 0 errors, 1 left on base; Vista 0 - Austin 0 | TOP OF THE 2ND |
---|
Vista Panthers batting - Pitching for Austin River Sharks : RHP Albert Gonzáles | Batting: SHB Juan Castro | 0-0: Ball 1-0: Ground out 4-3 (Groundball, 34) | Batting: RHB Phil Matthews | 0-0: Ball 1-0: Ball 2-0: Called Strike 2-1: Ball 3-1: Ground out 6-3 (Groundball, 56) | Batting: RHB Justin Burgess | 0-0: Fly out, F7 (Flyball, 78S) | Top of the 2nd over - 0 runs, 0 hits, 0 errors, 0 left on base; Vista 0 - Austin 0 | BOTTOM OF THE 2ND |
---|
Austin River Sharks batting - Pitching for Vista Panthers : LHP José Hidalgo | Batting: RHB Jesús Hernández | 0-0: Called Strike 0-1: Ground out 6-3 (Groundball, 6) | Batting: RHB Andy Aiton | 0-0: Called Strike 0-1: Ball 1-1: Fly out, F3 (Line Drive, 3S) | Batting: RHB Richard Coker | 0-0: Ball 1-0: Ball 2-0: Ball 3-0: Called Strike 3-1: Foul Ball, location: 2F 3-2: Base on Balls | Batting: RHB Dan Wyatt | 0-0: Ball 1-0: Foul Ball, location: 2F 1-1: Ground out 1-3 (Groundball, 13S) | Bottom of the 2nd over - 0 runs, 0 hits, 0 errors, 1 left on base; Vista 0 - Austin 0 | TOP OF THE 3RD |
---|
Vista Panthers batting - Pitching for Austin River Sharks : RHP Albert Gonzáles | Batting: RHB Johnny Williams | 0-0: Called Strike 0-1: Swinging Strike 0-2: Ball 1-2: Foul Ball, location: 2F 1-2: Foul Ball, location: 2F 1-2: Ball 2-2: Fly out, F8 (Flyball, 89D) | Batting: RHB Mario Beltrán | 0-0: Ball 1-0: Foul Ball, location: 2F 1-1: Called Strike 1-2: Strikes out swinging | Batting: RHB Ernest Russell | 0-0: Called Strike 0-1: Swinging Strike 0-2: Strikes out swinging | Top of the 3rd over - 0 runs, 0 hits, 0 errors, 0 left on base; Vista 0 - Austin 0 | BOTTOM OF THE 3RD |
---|
Austin River Sharks batting - Pitching for Vista Panthers : LHP José Hidalgo | Batting: LHB Enrico Vargas | 0-0: Ball 1-0: Swinging Strike 1-1: SINGLE (Line Drive, 3D) | Batting: LHB José Liñares | 0-0: Foul Ball, location: 2F 0-1: Ball 1-1: SINGLE (Groundball, 34D) Enrico Vargas to second Runner from 2nd tries for 3rd, SAFE, throw made to third | Batting: RHB Todd Bryant | 0-0: Ball 1-0: Grounds into double play, 6-4-3 (Groundball, 6) Enrico Vargas scores | Batting: RHB Pedro Guzmán | 0-0: Foul Ball, location: 2F 0-1: Ball 1-1: Ball 2-1: Foul Ball, location: 2F 2-2: Strikes out swinging | Bottom of the 3rd over - 1 run, 2 hits, 0 errors, 0 left on base; Vista 0 - Austin 1 | TOP OF THE 4TH |
---|
Vista Panthers batting - Pitching for Austin River Sharks : RHP Albert Gonzáles | Batting: LHB Bill Wilson | 0-0: Foul Ball, location: 2F 0-1: Ground out U3 (Groundball, 3) | Batting: LHB Bob Cunningham | 0-0: Ball 1-0: Ball 2-0: Foul Ball, location: 2F 2-1: Foul Ball, location: 2F 2-2: SOLO HOME RUN (Flyball, 9LD), Distance : 354 ft | Batting: LHB Dante Owens | 0-0: Called Strike 0-1: SINGLE (Flyball, 8RS) | Batting: SHB Juan Castro | 0-0: Called Strike Dante Owens steals 2nd base 0-1: Ball 1-1: Ball 2-1: SINGLE (Line Drive, 3D) Dante Owens to third Runner from 3rd tries for Home, throw and OUT! | Batting: RHB Phil Matthews | 0-0: Called Strike 0-1: Ball 1-1: Foul Ball, location: 2F 1-2: Foul Ball, location: 2F 1-2: Ball 2-2: Ball 3-2: Ground out 6-3 (Groundball, 6) | Top of the 4th over - 1 run, 3 hits, 0 errors, 1 left on base; Vista 1 - Austin 1 | BOTTOM OF THE 4TH |
---|
Austin River Sharks batting - Pitching for Vista Panthers : LHP José Hidalgo | Batting: RHB Edward Young | 0-0: Swinging Strike 0-1: Ball 1-1: Ball 2-1: Ball 3-1: Ground out 5-3 (Groundball, 56) | Batting: RHB Jesús Hernández | 0-0: Called Strike 0-1: Ground out 5-3 (Groundball, 56) | Batting: RHB Andy Aiton | 0-0: Ball 1-0: Foul Ball, location: 2F 1-1: Foul Ball, location: 2F 1-2: Strikes out looking | Bottom of the 4th over - 0 runs, 0 hits, 0 errors, 0 left on base; Vista 1 - Austin 1 | TOP OF THE 5TH |
---|
Vista Panthers batting - Pitching for Austin River Sharks : RHP Albert Gonzáles | Batting: RHB Justin Burgess | 0-0: Ball 1-0: Swinging Strike 1-1: Foul Ball, location: 2F 1-2: Ground out 6-3 (Groundball, 6) | Batting: RHB Johnny Williams | 0-0: Called Strike 0-1: Foul Ball, location: 2F 0-2: Ball 1-2: Foul Ball, location: 2F 1-2: Foul Ball, location: 2F 1-2: DOUBLE (Flyball, 78XD) | Batting: RHB Mario Beltrán | 0-0: Intentional Walk | Batting: RHB Ernest Russell | 0-0: Foul Ball, location: 2F 0-1: Fly out, F9 (Flyball, 89M) | Batting: LHB Bill Wilson | 0-0: Called Strike 0-1: Called Strike 0-2: Foul Ball, location: 2F 0-2: Ball 1-2: Strikes out swinging | Top of the 5th over - 0 runs, 1 hit, 0 errors, 2 left on base; Vista 1 - Austin 1 | BOTTOM OF THE 5TH |
---|
Austin River Sharks batting - Pitching for Vista Panthers : LHP José Hidalgo | Batting: RHB Richard Coker | 0-0: Ball 1-0: Ball 2-0: Foul Ball, location: 2F 2-1: Ball 3-1: Foul Ball, location: 2F 3-2: Base on Balls | Batting: RHB Dan Wyatt | 0-0: Ball 1-0: Called Strike 1-1: SINGLE (Flyball, 78S) Richard Coker to second | Batting: LHB Enrico Vargas | 0-0: Ball 1-0: Called Strike 1-1: Ball 2-1: Ball 3-1: Foul Ball, location: 2F 3-2: Foul Ball, location: 2F 3-2: Grounds into double play, 4-6-3 (Groundball, 34) Richard Coker to third | Batting: LHB José Liñares | 0-0: Called Strike 0-1: Ball 1-1: DOUBLE (Flyball, 8RXD) Richard Coker scores | Batting: RHB Todd Bryant | 0-0: Ball 1-0: SINGLE (Groundball, 34D) José Liñares to third Runner from 3rd tries for Home, throw and OUT! | Bottom of the 5th over - 1 run, 3 hits, 0 errors, 1 left on base; Vista 1 - Austin 2 | TOP OF THE 6TH |
---|
Vista Panthers batting - Pitching for Austin River Sharks : RHP Albert Gonzáles | Batting: LHB Bob Cunningham | 0-0: Called Strike 0-1: Ball 1-1: Ball 2-1: Fly out, F4 (Popup, 34D) | Batting: LHB Dante Owens | 0-0: Ball 1-0: Foul Ball, location: 2F 1-1: Swinging Strike 1-2: Foul Ball, location: 2F 1-2: Ground out U3 (Groundball, 3) | Batting: SHB Juan Castro | 0-0: Ball 1-0: Called Strike 1-1: Fly out, F2 (Popup, 5SF) | Top of the 6th over - 0 runs, 0 hits, 0 errors, 0 left on base; Vista 1 - Austin 2 | BOTTOM OF THE 6TH |
---|
Austin River Sharks batting - Pitching for Vista Panthers : LHP José Hidalgo | Batting: RHB Pedro Guzmán | 0-0: Called Strike 0-1: Ball 1-1: Fly out, F4 (Popup, 3S) | Batting: RHB Edward Young | 0-0: Ball 1-0: Called Strike 1-1: Swinging Strike 1-2: Foul Ball, location: 2F 1-2: Foul Ball, location: 2F 1-2: Strikes out swinging | Batting: RHB Jesús Hernández | 0-0: Called Strike 0-1: Fly out, F8 (Flyball, 8LXD) | Bottom of the 6th over - 0 runs, 0 hits, 0 errors, 0 left on base; Vista 1 - Austin 2 | TOP OF THE 7TH |
---|
Vista Panthers batting - Pitching for Austin River Sharks : RHP Albert Gonzáles | Batting: RHB Phil Matthews | 0-0: Ball 1-0: Ground out 6-3 (Groundball, 6) | Batting: RHB Justin Burgess | 0-0: Ball 1-0: Foul Ball, location: 2F 1-1: Ground out 6-3 (Groundball, 56) | Batting: RHB Johnny Williams | 0-0: Ball 1-0: Ball 2-0: SINGLE (Line Drive, 89M) | Batting: RHB Mario Beltrán | 0-0: Ball Johnny Williams is caught stealing 2nd base | Top of the 7th over - 0 runs, 1 hit, 0 errors, 0 left on base; Vista 1 - Austin 2 | BOTTOM OF THE 7TH |
---|
Austin River Sharks batting - Pitching for Vista Panthers : LHP José Hidalgo | Batting: RHB Andy Aiton | 0-0: Called Strike 0-1: Ground out 5-3 (Groundball, 5D) | Batting: RHB Richard Coker | 0-0: Ball 1-0: Ball 2-0: Called Strike 2-1: Foul Ball, location: 2F 2-2: DOUBLE (Flyball, 89D) | Batting: RHB Dan Wyatt | 0-0: Intentional Walk | Pitching: RHP Sergio Martínez | | Pinch Hitting: LHB Greg Nelson | 0-0: Ball 1-0: Swinging Strike 1-1: Foul Ball, location: 2F 1-2: Ball 2-2: Foul Ball, location: 2F 2-2: Foul Ball, location: 2F 2-2: Ball Wild Pitch! Richard Coker to third Dan Wyatt to second 3-2: Intentional Walk | Pitching: LHP António Martínez | | Batting: LHB José Liñares | 0-0: Called Strike 0-1: Fly out, F8 (Flyball, 78D) Runner from 3rd tags up, OUT at HOME | Bottom of the 7th over - 0 runs, 1 hit, 0 errors, 2 left on base; Vista 1 - Austin 2 | TOP OF THE 8TH |
---|
Vista Panthers batting - Pitching for Austin River Sharks : RHP Albert Gonzáles | Now in LF: Greg Nelson | | Batting: RHB Mario Beltrán | 0-0: Called Strike 0-1: Ball 1-1: Fly out, F7 (Flyball, 7) | Batting: RHB Ernest Russell | 0-0: Called Strike 0-1: Foul Ball, location: 2F 0-2: Strikes out swinging | Batting: LHB Bill Wilson | 0-0: Ball 1-0: Ball 2-0: Fly out, F7 (Flyball, 7) | Top of the 8th over - 0 runs, 0 hits, 0 errors, 0 left on base; Vista 1 - Austin 2 | BOTTOM OF THE 8TH |
---|
Austin River Sharks batting - Pitching for Vista Panthers : LHP António Martínez | Pitching: RHP José Betancourt | | Now at 1B: Luis Martínez | | Batting: RHB Todd Bryant | 0-0: Ground out 6-3 (Groundball, 6) | Batting: RHB Pedro Guzmán | 0-0: Ball 1-0: Foul Ball, location: 2F 1-1: Ball 2-1: Fly out, F7 (Flyball, 78M) | Batting: RHB Edward Young | 0-0: Ball 1-0: Ball 2-0: Ball 3-0: Foul Ball, location: 2F 3-1: SINGLE (Line Drive, 6M) | Batting: RHB Jesús Hernández | 0-0: Ball 1-0: Swinging Strike 1-1: Swinging Strike 1-2: Strikes out swinging | Bottom of the 8th over - 0 runs, 1 hit, 0 errors, 1 left on base; Vista 1 - Austin 2 | TOP OF THE 9TH |
---|
Vista Panthers batting - Pitching for Austin River Sharks : RHP Albert Gonzáles | Pitching: RHP Paco Gutiérrez | | Batting: RHB Luis Martínez | 0-0: Swinging Strike 0-1: Called Strike 0-2: Foul Ball, location: 2F 0-2: Ball 1-2: Strikes out swinging | Batting: LHB Dante Owens | 0-0: Ball 1-0: Foul Ball, location: 2F 1-1: Foul Ball, location: 2F 1-2: Ball 2-2: Foul Ball, location: 2F 2-2: Ball 3-2: Base on Balls | Batting: SHB Juan Castro | 0-0: Called Strike 0-1: Ball 1-1: Grounds into double play, 4-6-3 (Groundball, 4) | Top of the 9th over - 0 runs, 0 hits, 0 errors, 0 left on base; Vista 1 - Austin 2 | |